 Dungeon Crawl Stone Soup version 0.21.1-1-g345015fe64 (webtiles) character file.

424 Oravi the Changer (level 6, -2/43 HPs)
             Began as a Merfolk Transmuter on Apr 28, 2018.
             Was an Initiate of Dithmenos.
             Slain by Tali's ghost (14 damage)
             ... on level 4 of the Dungeon.
             The game lasted 00:13:27 (4107 turns).

Oravi the Changer (Merfolk Transmuter)              Turns: 4107, Time: 00:13:28

Health: -2/43      AC:  2    Str: 10    XL:     6   Next: 96%
Magic:  2/9        EV: 13    Int: 14    God:    Dithmenos [......]
Gold:   242        SH:  0    Dex: 15    Spells: 3/9 levels left

rFire    . . .     SeeInvis .     - Unarmed
rCold    . . .     Gourm    .   (no shield)
rNeg     . . .     Faith    .   b - +0 robe
rPois    .         Spirit   .   (no helmet)
rElec    .         Reflect  .   (no cloak)
rCorr    .         Harm     .   (no gloves)
MR       .....                  (no boots)
Stlth    +.........             (no amulet)
HPRegen  0.14/turn              (no ring)
MPRegen  0.11/turn              (no ring)

@: no status effects
A: change form in water, swift swim, stealthy swim
a: Renounce Religion


You were on level 4 of the Dungeon.
You worshipped Dithmenos.
Dithmenos was noncommittal.
You were not hungry.

You visited 1 branch of the dungeon, and saw 4 of its levels.

You collected 242 gold pieces.

Inventory:

Missiles
 a - 16 arrows
 e - 58 stones (quivered)
 u - 2 tomahawks
Armour
 b - a +0 robe (worn)
Jewellery
 j - an uncursed ring of flight {unknown}
 q - an uncursed amulet of regeneration {unknown}
Wands
 f - a wand of iceblast (5)
Scrolls
 g - a scroll of noise {unknown}
 h - 3 scrolls of enchant armour {unknown}
 k - a scroll of remove curse {unknown}
 m - a scroll of magic mapping {unknown}
 n - a scroll of teleportation {unknown}
 w - a scroll of enchant weapon {unknown}
Potions
 i - a potion of curing {unknown}
 l - 2 potions of agility {unknown}
 o - a potion of resistance {unknown}
 p - 2 potions of invisibility {unknown}
 r - 3 potions of berserk rage {unknown}
 s - 2 potions of ambrosia {unknown}
 t - a potion of heal wounds
Books
 c - a book of Changes

   Spells                             Type                      Level
   a - Beastly Appendage              Transmutation                1
   b - Sticks to Snakes               Transmutation                2
   c - Spider Form                    Transmutation/Poison         3
   d - Ice Form                       Ice/Transmutation            4
   e - Blade Hands                    Transmutation                5
Comestibles
 d - 2 rations
 v - 4 chunks of flesh


   Skills:
 - Level 1.1 Fighting
 - Level 2.6 Dodging
 + Level 6.1 Unarmed Combat
 - Level 2.0 Spellcasting
 * Level 7.1 Transmutations


You had 3 spell levels left.
You knew the following spells:

 Your Spells              Type           Power        Failure   Level  Hunger
a - Spider Form           Tmut/Pois      ##........   16%         3    ####...
b - Sticks to Snakes      Tmut           ###.....     1%          2    ###....
c - Beastly Appendage     Tmut           ###...       1%          1    ##.....


Dungeon Overview and Level Annotations

Branches:
Dungeon (4/15)
 Temple: D:4-7

Altars:
Dithmenos
Fedhas
Yredelemnul

Annotations:
D:4 Tali's ghost, amateur DsBe


Message History

You are too injured to fight recklessly!
You are too injured to fight recklessly!
Your ball python bites Tali's ghost.
Your ball python bites Tali's ghost but does no damage.
Your ball python misses Tali's ghost.
Your transformation has ended.
Your +0 robe unmelds from your body.
Your ball python closely misses Tali's ghost.
Your ball python bites Tali's ghost but does no damage.
Tali's ghost yells, "Who would have thought, even in death it is a pleasure to sever!"
Your ball python barely misses Tali's ghost.
Tali's ghost hits you!
* * * LOW HITPOINT WARNING * * *
Your ball python bites Tali's ghost but does no damage.
Your magical contamination has completely faded away.
Your ball python closely misses Tali's ghost.
Tali's ghost mumbles, "They all look like pillowcases to me..."
There is a stone staircase leading up here.
Tali's ghost hits you!
You die...

...# ##....###
..## #....## ..#
#....# .##
###...##
.#####....## #####
.........##
##...####
#####...##
##.......## #
###.##
##.........# ##.##
##..@.......# #
##.###...W.......#
.
##.....SSS......#
. ##.............#
#..... .
##............#
#..... .
##...........#
#(.... .
#...........#
#..... .
##.........##
##..... .
#........##
#......


You could see Tali's ghost and 3 friendly ball pythons.

Vanquished Creatures
  The ghost of Tali the Chopper, an amateur DsBe of Trog (D:3)
  2 orc wizards (D:4)
  2 hounds (D:4)
  2 worker ants (D:4)
  3 gnolls (D:3)
  7 adders
  2 dart slugs (D:1)
  2 leopard geckos
  11 orcs
  7 bats
  A giant cockroach (D:3)
  7 goblins
  7 hobgoblins
  4 jackals
  2 quokkas
  A ball python (D:1)
  A frilled lizard (D:1)
  9 kobolds
  10 rats
81 creatures vanquished.

Notes
Turn   | Place    | Note
-------+----------+-------------------------------------------
     0 | D:1      | Oravi the Merfolk Transmuter began the quest for the Orb.
     0 | D:1      | Reached XP level 1. HP: 15/15 MP: 3/3
   240 | D:1      | Reached skill level 3 in Transmutations
   256 | D:1      | Reached XP level 2. HP: 19/21 MP: 5/5
   626 | D:1      | Reached XP level 3. HP: 26/26 MP: 4/6
   630 | D:1      | Learned a level 2 spell: Sticks to Snakes
   634 | D:1      | Learned a level 3 spell: Spider Form
  1103 | D:2      | Found a blossoming altar of Fedhas.
  1401 | D:2      | Reached skill level 4 in Transmutations
  1401 | D:2      | Reached XP level 4. HP: 26/32 MP: 7/7
  1941 | D:3      | Noticed Tali's ghost (amateur DsBe)
  1956 | D:3      | Killed Tali's ghost
  1956 | D:3      | Reached skill level 5 in Unarmed Combat
  1956 | D:3      | Reached skill level 5 in Transmutations
  1956 | D:3      | Reached XP level 5. HP: 22/37 MP: 2/8
  3190 | D:4      | Reached skill level 6 in Transmutations
  3190 | D:4      | Reached XP level 6. HP: 33/43 MP: 1/9
  3270 | D:4      | Found a shadowy altar of Dithmenos.
  3298 | D:4      | Became a worshipper of Dithmenos the Shadowed
  3862 | D:4      | Found a basalt altar of Yredelemnul.
  3954 | D:4      | Reached skill level 7 in Transmutations
  4078 | D:4      | Noticed Tali's ghost (amateur DsBe)
  4107 | D:4      | Slain by Tali's ghost

Skill      XL: |  1  2  3  4  5  6 |
---------------+-------------------+-----
Transmutations | 3 4 5 6 7 |  7.1
Unarmed Combat | 4 5 6 |  6.1
Fighting       | |  1.1
Dodging        | |  2.6
Spellcasting   | |  2.0

Action                   |  1- 3 |  4- 6 || total
-------------------------+-------+-------++-------
Melee: Unarmed           |    74 |   138 ||   212
       Headbutt          |    10 |     5 ||    15
       Punch             |     1 |     1 ||     2
Throw: Stone             |    73 |     1 ||    74
 Cast: Beastly Appendage |    20 |     9 ||    29
       Spider Form       |       |    23 ||    23
       Sticks to Snakes  |       |     3 ||     3
  Use: Potion            |       |     1 ||     1
 Stab: Sleeping          |       |     1 ||     1
  Eat: Chunk             |     2 |     9 ||    11
       Ration            |       |     1 ||     1
Armor: Robe              |    28 |    16 ||    44
       Skin              |       |     6 ||     6
Dodge: Dodged            |    69 |   106 ||   175
